Knights vs Diables
(R1)
Created - November 6, 2019 at 18:59
Goals
|
| Knights |
1 |
3 |
3 |
7 |
| Diables |
1 |
2 |
1 |
4 |
|
Shots
|
| Knights |
8 |
13 |
11 |
32 |
| Diables |
13 |
13 |
8 |
34 |
|
1st period
1. Knights , Linden Vey 7 (Noel Acciari 8, Collin Miller 2) at 10:34
2. Diables , Brandon Prust 8 (Carl Gunnarsson 6, Jordan Caron 2) at 15:58
Penalties :
Nikolay Goldobin (Lon) for Roughing (Minor) at 0:59, Louis Leblanc (Alm) for Hooking (Minor) at 16:16
2nd period
3. Knights , A.J. Jenks 2 (Nikolay Goldobin 2, Brendan Gaunce 1) at 0:39
4. Knights , Linden Vey 8 (Noel Acciari 9) at 1:40
5. Diables , Tobias Rieder 3 (Brock McGinn 4, Louis Leblanc 1) at 1:46
6. Diables , Mark Jankowski 1 (Brandon Prust 3, Jordan Caron 3) at 11:17
7. Knights , Matthew Benning 1 (Nicolas Petan 3, Ludwig Bystrom 4) at 12:58
Penalties :
Collin Miller (Lon) for Hooking (Minor) at 3:52, Carl Gunnarsson (Alm) for Cross-checking (Minor) at 18:12
3rd period
8. Knights , Josh Bailey 4 (Noel Acciari 10) at 0:09 (PP)
9. Knights , Noel Acciari 4 (Jordan Martinook 6) at 5:47 (PP)
10. Knights , Miro Aaltonen 2 (Josh Bailey 2, Tomas Kundratek 2) at 12:36
11. Diables , Mikko Lehtonen 1 (Frederik Gauthier 2, Chris Bigras 1) at 19:44
Penalties :
Brock McGinn (Alm) for Tripping (Minor) at 1:40, Brett Lernout (Alm) for Elbowing (Minor) at 5:37, Jordan Martinook (Lon) for Hooking (Minor) at 9:13, Michael Matheson (Lon) for Holding (Minor) at 14:42, Daniel Zaar (Alm) for Hooking (Minor) at 17:17
Goalie Stats
Magnus Hellberg (Lon), 30 saves from 34 shots - (0.882), W, 4-2-1, 60:00 minutes
Eric Comrie (Alm), 17 saves from 22 shots - (0.773), L, 3-3-0, 40:09 minutes
Igor Shesterkin (Alm), 8 saves from 10 shots - (0.800), 19:51 minutes
Players Stats for Knights
Player Name G A P +/- PIM S H SB GA TA FO MP PP MP PK MP
------------------------------------------------------------------------------------
A.J. Jenks 1 0 1 0 0 2 1 0 1 1 1/1 9:35 0:00 0:00
Brandon Montour 0 0 0 1 0 3 1 1 0 0 0/0 19:45 0:00 4:06
Brendan Gaunce 0 1 1 0 0 1 0 0 0 0 2/4 12:36 0:07 2:42
Collin Miller 0 1 1 1 2 0 1 1 0 0 0/0 22:43 5:02 2:38
Jordan Martinook 0 1 1 1 2 1 2 1 2 0 3/4 19:14 4:50 0:00
Josh Bailey 1 1 2 -1 0 2 2 0 1 0 2/4 18:28 4:50 2:03
Linden Vey 2 0 2 1 0 4 2 2 0 0 2/2 21:45 3:07 4:03
Ludwig Bystrom 0 1 1 1 0 0 1 3 1 0 0/0 15:24 3:02 0:24
Matthew Benning 1 0 1 1 0 1 0 0 0 1 0/0 13:24 0:00 1:35
Michael Matheson 0 0 0 -1 2 4 1 3 0 0 0/0 21:18 3:02 2:16
Miro Aaltonen 1 0 1 -1 0 4 3 0 0 0 4/7 16:08 3:07 1:23
Nathan Walker 0 0 0 -1 0 0 2 0 0 0 2/2 14:43 3:07 0:00
Nicolas Petan 0 1 1 1 0 1 1 1 0 0 0/2 8:02 0:00 0:00
Nikolay Goldobin 0 1 1 0 2 0 1 0 0 0 1/1 9:34 0:00 0:00
Noel Acciari 1 3 4 1 0 3 0 0 1 0 19/36 23:31 4:50 4:08
Scott Wilson 0 0 0 1 0 0 1 0 0 0 0/0 9:55 0:07 1:33
Tomas Kundratek 0 1 1 -1 0 4 4 4 1 0 0/0 27:35 5:02 4:53
Vince Hinostroza 0 0 0 1 0 2 1 0 0 0 0/0 8:20 0:07 0:00
Players Stats for Diables
Player Name G A P +/- PIM S H SB GA TA FO MP PP MP PK MP
------------------------------------------------------------------------------------
Brandon Prust 1 1 2 1 0 3 0 0 1 0 0/0 18:54 3:20 3:21
Brett Lernout 0 0 0 -1 2 1 1 0 0 0 0/0 13:13 0:00 1:02
Brock McGinn 0 1 1 -2 2 2 3 1 0 0 1/4 19:12 4:11 1:11
C.J Suess 0 0 0 -1 0 1 0 1 0 0 0/0 8:27 0:00 0:00
Carl Gunnarsson 0 1 1 2 2 4 0 2 0 1 0/0 25:57 4:05 3:20
Chris Bigras 0 1 1 -1 0 1 1 1 0 0 0/0 13:23 0:19 0:00
Christian Thomas 0 0 0 1 0 1 1 0 1 0 0/0 9:48 0:04 0:26
Connor Hurley 0 0 0 -1 0 1 0 0 0 0 4/7 8:27 0:00 0:00
Daniel Zaar 0 0 0 -1 2 0 1 0 0 0 0/0 9:25 0:25 0:00
Frederik Gauthier 0 1 1 1 0 0 2 1 0 0 0/4 11:04 0:00 1:55
Jordan Caron 0 2 2 1 0 3 2 0 0 1 3/7 20:50 3:56 4:11
Louis Leblanc 0 1 1 -2 2 2 1 1 0 1 10/25 17:18 4:11 0:00
Mark Jankowski 1 0 1 1 0 2 2 0 0 0 8/15 16:25 3:20 0:52
Mikko Lehtonen 1 0 1 1 0 3 1 1 0 1 0/0 10:26 0:43 0:00
Samuel Morin 0 0 0 2 0 4 0 1 0 0 0/0 27:52 3:54 4:33
Tobias Rieder 1 0 1 -2 0 2 2 1 0 2 1/1 21:37 3:38 4:12
Will Butcher 0 0 0 -2 0 3 0 2 0 0 0/0 19:41 3:47 3:31
Zac Leslie 0 0 0 -2 0 1 3 0 0 1 0/0 19:52 3:47 3:42
3 Stars
1 - Noel Acciari (Lon)
2 - Linden Vey (Lon)
3 - Josh Bailey (Lon)
Power Play
Knights - 2 on 5 Attempt(s) - 40.00%
Diables - 0 on 4 Attempt(s) - 0.00%
Penalty Kill
Knights - 4 on 4 Attempt(s) - 100.00%
- Score 0 goal in Penalty Kill
Diables - 3 on 5 Attempt(s) - 60.00%
- Score 0 goal in Penalty Kill
Team Stat
Knights - Hits : 24 - Faceoff Wins : 36 - Blocked Shots : 16 - Penalty Minutes : 8
Diables - Hits : 20 - Faceoff Wins : 27 - Blocked Shots : 12 - Penalty Minutes : 10
Official
Referees : Unknown
Linesman : Unknown
Game Notes
Igor Shesterkin enters game at 0:09 of 3rd period
Finance
Level 1 -- Attendance: 1575 (78.75%) -- Ticket Income $63,000
Level 2 -- Attendance: 778 (77.80%) -- Ticket Income $15,560
Total Attendance: 2353 (78.43%)
Total Ticket Income: $78,560
Other Income: $3,928
Total Income: $82,488
Knights
5 vs 5 Forward
Center Left Wing Right Wing Time % Phy DF OF
1 Noel Acciari Jordan Martinook Linden Vey 40 1 2 2
2 Miro Aaltonen Nathan Walker Josh Bailey 30 1 2 2
3 Brendan Gaunce A.J. Jenks Nikolay Goldobin 20 1 2 2
4 Nicolas Petan Scott Wilson Vince Hinostroza 10 1 2 2
5 vs 5 Defense
Defense Defense Time % Phy DF OF
1 Tomas Kundratek Michael Matheson 40 1 2 2
2 Brandon Montour Collin Miller 30 1 2 2
3 Matthew Benning Ludwig Bystrom 20 1 2 2
4 Brandon Montour Tomas Kundratek 10 1 2 2
PowerPlay Forward
Center Left Wing Right Wing Time % Phy DF OF
1 Noel Acciari Jordan Martinook Josh Bailey 60 1 1 3
2 Miro Aaltonen Nathan Walker Linden Vey 40 1 1 3
PowerPlay Defense
Defense Defense Time % Phy DF OF
1 Tomas Kundratek Collin Miller 60 0 1 4
2 Michael Matheson Ludwig Bystrom 40 0 1 4
Penalty Kill 4 Players Forward
Center Wing Time % Phy DF OF
1 Noel Acciari Linden Vey 60 1 3 1
2 Brendan Gaunce Josh Bailey 40 1 3 1
Penalty Kill 4 Players Defense
Defense Defense Time % Phy DF OF
1 Brandon Montour Tomas Kundratek 60 1 3 1
2 Michael Matheson Collin Miller 40 1 3 1
Penalty Kill - 3 Players Forward
Forward Time % Phy DF OF
1 Noel Acciari 60 0 4 1
2 Linden Vey 40 0 4 1
Penalty Kill - 3 Players Defense
Defense Defense Time % Phy DF OF
1 Brandon Montour Tomas Kundratek 60 1 3 1
2 Michael Matheson Collin Miller 40 1 3 1
4 vs 4 Forward
Center Wing Time % Phy DF OF
1 Miro Aaltonen Linden Vey 60 1 2 2
2 Brendan Gaunce Josh Bailey 40 1 2 2
4 vs 4 Defense
Defense Defense Time % Phy DF OF
1 Tomas Kundratek Brandon Montour 60 1 2 2
2 Michael Matheson Collin Miller 40 1 2 2
Last Minutes Offensive
Center Left Wing Right Wing Defense Defense
Miro Aaltonen Linden Vey Josh Bailey Tomas Kundratek Collin Miller
Last Minutes Defensive
Center Left Wing Right Wing Defense Defense
Noel Acciari Linden Vey Jordan Martinook Michael Matheson Tomas Kundratek
Goaltenders
Starting : Magnus Hellberg
Backup : Elvis Merzlikins
Extra Forwards
Normal : Jordan Martinook, Linden Vey, Miro Aaltonen - PP : Linden Vey, Miro Aaltonen - PK : Miro Aaltonen
Extra Defensemen
Normal : Tomas Kundratek, Michael Matheson, Brandon Montour - PP : Tomas Kundratek - PK : Tomas Kundratek, Michael Matheson
Penalty Shots
Miro Aaltonen, Jordan Martinook, Brendan Gaunce, Nathan Walker, Linden Vey
Scratches
Zach Nastasiuk (Healthy), Nicklas Jensen (Healthy), Alan Quine (Healthy), David Shields (Healthy), Trevor Moore (Healthy)
Curtis Valk (Healthy), Anthony Louis (Healthy), Brett Connolly (Healthy), Travis Boyd (Healthy), Fredrik Claesson (Healthy)
Mackenzie MacEachern (Healthy), Anton Blidh (Healthy), Jayce Hawryluk (Healthy), Ryan Collins (Healthy), William Lagesson (Healthy)
Eamon McAdam (Healthy), Philippe Desrosiers (Healthy), Ville Husso (Healthy)
Diables
5 vs 5 Forward
Center Left Wing Right Wing Time % Phy DF OF
1 Louis Leblanc Brock McGinn Tobias Rieder 40 1 2 2
2 Mark Jankowski Brandon Prust Jordan Caron 30 1 2 2
3 Frederik Gauthier Christian Thomas Mikko Lehtonen 20 1 2 2
4 Connor Hurley C.J Suess Daniel Zaar 10 1 2 2
5 vs 5 Defense
Defense Defense Time % Phy DF OF
1 Carl Gunnarsson Samuel Morin 40 1 2 2
2 Will Butcher Zac Leslie 30 1 2 2
3 Chris Bigras Brett Lernout 20 1 2 2
4 Carl Gunnarsson Samuel Morin 10 1 2 2
PowerPlay Forward
Center Left Wing Right Wing Time % Phy DF OF
1 Louis Leblanc Brock McGinn Jordan Caron 60 1 2 2
2 Mark Jankowski Brandon Prust Tobias Rieder 40 1 2 2
PowerPlay Defense
Defense Defense Time % Phy DF OF
1 Carl Gunnarsson Samuel Morin 60 1 2 2
2 Will Butcher Zac Leslie 40 1 2 2
Penalty Kill 4 Players Forward
Center Wing Time % Phy DF OF
1 Jordan Caron Tobias Rieder 60 1 2 2
2 Brock McGinn Brandon Prust 40 1 2 2
Penalty Kill 4 Players Defense
Defense Defense Time % Phy DF OF
1 Carl Gunnarsson Samuel Morin 60 1 2 2
2 Will Butcher Zac Leslie 40 1 2 2
Penalty Kill - 3 Players Forward
Forward Time % Phy DF OF
1 Jordan Caron 60 1 2 2
2 Tobias Rieder 40 1 2 2
Penalty Kill - 3 Players Defense
Defense Defense Time % Phy DF OF
1 Carl Gunnarsson Samuel Morin 60 1 2 2
2 Will Butcher Zac Leslie 40 1 2 2
4 vs 4 Forward
Center Wing Time % Phy DF OF
1 Jordan Caron Tobias Rieder 60 1 2 2
2 Brock McGinn Brandon Prust 40 1 2 2
4 vs 4 Defense
Defense Defense Time % Phy DF OF
1 Carl Gunnarsson Samuel Morin 60 1 2 2
2 Will Butcher Zac Leslie 40 1 2 2
Last Minutes Offensive
Center Left Wing Right Wing Defense Defense
Louis Leblanc Brock McGinn Jordan Caron Carl Gunnarsson Samuel Morin
Last Minutes Defensive
Center Left Wing Right Wing Defense Defense
Louis Leblanc Brock McGinn Jordan Caron Carl Gunnarsson Samuel Morin
Goaltenders
Starting : Eric Comrie
Backup : Igor Shesterkin
Extra Forwards
Normal : Mikko Lehtonen, Daniel Zaar, Frederik Gauthier - PP : Mikko Lehtonen, Daniel Zaar - PK : Frederik Gauthier
Extra Defensemen
Normal : Chris Bigras, Brett Lernout, Will Butcher - PP : Chris Bigras - PK : Brett Lernout, Will Butcher
Penalty Shots
Jordan Caron, Tobias Rieder, Brock McGinn, Brandon Prust, Mikko Lehtonen
Scratches
Stephen Harper (Healthy), Emil Djuse (Healthy), Tim Schaller (Suspend), Cole Cassels (Healthy), Jeremy Gregoire (Healthy)
Gustav Olofsson (Healthy), Andreas Johnsson (Healthy), Brett Ritchie (Healthy), Artturi Lehkonen (Healthy), Anders Bjork (Healthy)
Nicolas Aube-Kubel (Healthy), Marc-André Bourdon (Healthy), Hunter Smith (Healthy), Garret Sparks (Healthy), Jack Campbell (Healthy)
% Time on Ice - Knights
Lines # - Real PCT - Wanted PCT - Time Play
Normal Forward
1 - 34% - 40% - 14:47
2 - 26% - 30% - 11:36
3 - 22% - 20% - 9:35
4 - 18% - 10% - 8:02
Normal Defense
1 - 40% - 40% - 17:29
2 - 31% - 30% - 13:38
3 - 27% - 20% - 11:48
4 - 2% - 10% - 1:05
PP Forward
1 - 61% - 60% - 4:57
2 - 39% - 40% - 3:07
PP Defense
1 - 62% - 60% - 5:02
2 - 38% - 40% - 3:02
PK Forward
1 - 74% - 60% - 5:53
2 - 26% - 40% - 2:03
PK Defense
1 - 57% - 60% - 4:29
2 - 43% - 40% - 3:27
PK3 Forward
1 - 0% - 60%
2 - 0% - 40%
PK3 Defense
1 - 0% - 60%
2 - 0% - 40%
44 Forward
1 - 0% - 60%
2 - 0% - 40%
44 Defense
1 - 0% - 60%
2 - 0% - 40%
Last Minute Offensive - 0:00
Last Minute Defensive - 0:00
Total
Forward - 60:00
Defense - 60:00
|
% Time on Ice - Diables
Lines # - Real PCT - Wanted PCT - Time Play
Normal Forward
1 - 32% - 40% - 14:16
2 - 28% - 30% - 12:08
3 - 21% - 20% - 9:09
4 - 19% - 10% - 8:27
Normal Defense
1 - 41% - 40% - 17:57
2 - 28% - 30% - 12:23
3 - 28% - 20% - 12:12
4 - 3% - 10% - 1:28
PP Forward
1 - 53% - 60% - 4:14
2 - 47% - 40% - 3:42
PP Defense
1 - 52% - 60% - 4:09
2 - 48% - 40% - 3:47
PK Forward
1 - 78% - 60% - 6:16
2 - 22% - 40% - 1:48
PK Defense
1 - 56% - 60% - 4:33
2 - 44% - 40% - 3:31
PK3 Forward
1 - 0% - 60%
2 - 0% - 40%
PK3 Defense
1 - 0% - 60%
2 - 0% - 40%
44 Forward
1 - 0% - 60%
2 - 0% - 40%
44 Defense
1 - 0% - 60%
2 - 0% - 40%
Last Minute Offensive - 0:00
Last Minute Defensive - 0:00
Total
Forward - 60:00
Defense - 60:00
|
Play-by-Play
1st period
0:01 of 1st period - Louis Leblanc wins face-off versus Noel Acciari in neutral zone.
0:34 of 1st period - Wrist shot by Brandon Prust.
0:34 of 1st period - Shot Misses the Net.
0:36 of 1st period - Slapshot by Carl Gunnarsson.
0:36 of 1st period - Stopped by Magnus Hellberg without a rebound.
0:37 of 1st period - Nikolay Goldobin wins face-off versus Frederik Gauthier in Knights zone.
0:59 of 1st period - Minor Penalty to Nikolay Goldobin for Roughing.
1:00 of 1st period - Louis Leblanc wins face-off versus Noel Acciari in Knights zone.
1:07 of 1st period - Wrist shot by Louis Leblanc.
1:07 of 1st period - Shot Blocked by Tomas Kundratek.
1:09 of 1st period - Snap shot by Jordan Caron.
1:09 of 1st period - Shot Blocked by Tomas Kundratek.
1:11 of 1st period - Slapshot by Samuel Morin.
1:11 of 1st period - Stopped by Magnus Hellberg with a rebound.
1:13 of 1st period - Wrist shot by Louis Leblanc.
1:13 of 1st period - Stopped by Magnus Hellberg without a rebound.
1:14 of 1st period - Mark Jankowski wins face-off versus Noel Acciari in Knights zone.
1:15 of 1st period - Slapshot by Tobias Rieder.
1:15 of 1st period - Stopped by Magnus Hellberg without a rebound.
1:16 of 1st period - Noel Acciari wins face-off versus Mark Jankowski in Knights zone.
2:48 of 1st period - Brandon Montour is hit by Tobias Rieder and loses puck.
2:59 of 1st period - Penalty to Nikolay Goldobin is over, Nikolay Goldobin is back on ice.
3:14 of 1st period - Off-side.
3:15 of 1st period - Connor Hurley wins face-off versus Josh Bailey in neutral zone.
3:29 of 1st period - Icing by Matthew Benning.
3:30 of 1st period - Miro Aaltonen wins face-off versus Mark Jankowski in Knights zone.
3:45 of 1st period - Slapshot by Mark Jankowski.
3:45 of 1st period - Shot Misses the Net.
5:01 of 1st period - Snap shot by Tomas Kundratek.
5:01 of 1st period - Stopped by Eric Comrie without a rebound.
5:02 of 1st period - Tobias Rieder wins face-off versus Nicolas Petan in Diables zone.
5:11 of 1st period - Snap shot by Brock McGinn.
5:11 of 1st period - Shot Misses the Net.
5:29 of 1st period - Icing by Carl Gunnarsson.
5:30 of 1st period - Mark Jankowski wins face-off versus Jordan Martinook in Diables zone.
5:30 of 1st period - Mark Jankowski is hit by Jordan Martinook.
5:48 of 1st period - Slapshot by Mark Jankowski.
5:48 of 1st period - Stopped by Magnus Hellberg without a rebound.
5:49 of 1st period - Brendan Gaunce wins face-off versus Louis Leblanc in Knights zone.
6:23 of 1st period - Snap shot by Mark Jankowski.
6:23 of 1st period - Shot Blocked by Linden Vey.
7:27 of 1st period - Snap shot by Tobias Rieder.
7:27 of 1st period - Shot Misses the Net.
8:06 of 1st period - Josh Bailey is hit by Chris Bigras and loses puck.
8:17 of 1st period - Vince Hinostroza is hit by Zac Leslie.
8:43 of 1st period - Samuel Morin is hit by Linden Vey and loses puck.
9:02 of 1st period - Slapshot by Brendan Gaunce.
9:02 of 1st period - Stopped by Eric Comrie without a rebound.
9:03 of 1st period - Connor Hurley wins face-off versus Brendan Gaunce in Diables zone.
9:28 of 1st period - Tobias Rieder is hit by Tomas Kundratek.
9:48 of 1st period - Brandon Prust is hit by Nathan Walker and loses puck.
10:09 of 1st period - Brett Lernout is hit by Collin Miller and loses puck.
10:32 of 1st period - Wrist shot by Noel Acciari.
10:32 of 1st period - Shot Misses the Net.
10:34 of 1st period - Slapshot by Linden Vey.
10:34 of 1st period - Goal by Linden Vey - Knights : 1 - Diables : 0.
10:35 of 1st period - Louis Leblanc wins face-off versus Noel Acciari in neutral zone.
10:44 of 1st period - Slapshot by Tobias Rieder.
10:44 of 1st period - Shot Misses the Net.
11:12 of 1st period - Wrist shot by Miro Aaltonen.
11:12 of 1st period - Stopped by Eric Comrie without a rebound.
11:13 of 1st period - Louis Leblanc wins face-off versus Noel Acciari in Diables zone.
11:22 of 1st period - Slapshot by Brock McGinn.
11:22 of 1st period - Shot Misses the Net.
11:24 of 1st period - Slapshot by Tobias Rieder.
11:24 of 1st period - Shot Misses the Net.
11:38 of 1st period - Josh Bailey is hit by Brett Lernout and loses puck.
12:01 of 1st period - A.J. Jenks is hit by Christian Thomas and loses puck.
12:08 of 1st period - Snap shot by Christian Thomas.
12:08 of 1st period - Shot Misses the Net.
12:10 of 1st period - Snap shot by Chris Bigras.
12:10 of 1st period - Deflect By Mikko Lehtonen.
12:10 of 1st period - Stopped by Magnus Hellberg with a rebound.
12:12 of 1st period - Snap shot by Mikko Lehtonen.
12:12 of 1st period - Shot Misses the Net.
12:24 of 1st period - Wrist shot by Tomas Kundratek.
12:24 of 1st period - Shot Blocked by Louis Leblanc.
12:26 of 1st period - Wrist shot by Tomas Kundratek.
12:26 of 1st period - Shot Misses the Net.
12:28 of 1st period - Slapshot by Tomas Kundratek.
12:28 of 1st period - Deflect By Vince Hinostroza.
12:28 of 1st period - Shot Blocked by Samuel Morin.
12:28 of 1st period - Puck is out of play.
12:29 of 1st period - Mark Jankowski wins face-off versus Nicolas Petan in Diables zone.
12:42 of 1st period - Snap shot by Brandon Prust.
12:42 of 1st period - Shot Blocked by Brandon Montour.
12:52 of 1st period - Mark Jankowski is hit by Brandon Montour and loses puck.
13:09 of 1st period - Snap shot by Vince Hinostroza.
13:09 of 1st period - Stopped by Eric Comrie without a rebound.
13:10 of 1st period - Noel Acciari wins face-off versus Louis Leblanc in Diables zone.
13:13 of 1st period - Wrist shot by Linden Vey.
13:13 of 1st period - Stopped by Eric Comrie with a rebound.
13:25 of 1st period - Wrist shot by Tobias Rieder.
13:25 of 1st period - Deflect By Louis Leblanc.
13:25 of 1st period - Shot Blocked by Tomas Kundratek.
13:25 of 1st period - Puck is out of play.
13:26 of 1st period - Nathan Walker wins face-off versus Frederik Gauthier in Knights zone.
14:33 of 1st period - Slapshot by Will Butcher.
14:33 of 1st period - Shot Misses the Net.
14:35 of 1st period - Slapshot by Zac Leslie.
14:35 of 1st period - Shot Blocked by Nicolas Petan.
14:37 of 1st period - Slapshot by Will Butcher.
14:37 of 1st period - Stopped by Magnus Hellberg with a rebound.
14:39 of 1st period - Slapshot by Zac Leslie.
14:39 of 1st period - Shot Blocked by Collin Miller.
14:59 of 1st period - Snap shot by Miro Aaltonen.
14:59 of 1st period - Shot Blocked by Frederik Gauthier.
15:14 of 1st period - Off-side.
15:15 of 1st period - Noel Acciari wins face-off versus Louis Leblanc in neutral zone.
15:22 of 1st period - Wrist shot by Noel Acciari.
15:22 of 1st period - Stopped by Eric Comrie without a rebound.
15:23 of 1st period - Jordan Martinook wins face-off versus Louis Leblanc in Diables zone.
15:38 of 1st period - Snap shot by Louis Leblanc.
15:38 of 1st period - Stopped by Magnus Hellberg without a rebound.
15:39 of 1st period - Mark Jankowski wins face-off versus Miro Aaltonen in Knights zone.
15:42 of 1st period - Slapshot by Jordan Caron.
15:42 of 1st period - Stopped by Magnus Hellberg with a rebound.
15:44 of 1st period - Snap shot by Carl Gunnarsson.
15:44 of 1st period - Stopped by Magnus Hellberg without a rebound.
15:45 of 1st period - Mark Jankowski wins face-off versus Miro Aaltonen in Knights zone.
15:54 of 1st period - Slapshot by Jordan Caron.
15:54 of 1st period - Stopped by Magnus Hellberg with a rebound.
15:56 of 1st period - Wrist shot by Brandon Prust.
15:56 of 1st period - Shot Misses the Net.
15:58 of 1st period - Wrist shot by Carl Gunnarsson.
15:58 of 1st period - Deflect By Brandon Prust.
15:58 of 1st period - Goal by Brandon Prust - Knights : 1 - Diables : 1.
15:59 of 1st period - Noel Acciari wins face-off versus Louis Leblanc in neutral zone.
16:16 of 1st period - Minor Penalty to Louis Leblanc for Hooking.
16:17 of 1st period - Noel Acciari wins face-off versus Jordan Caron in Diables zone.
16:59 of 1st period - Snap shot by Miro Aaltonen.
16:59 of 1st period - Stopped by Eric Comrie with a rebound.
18:01 of 1st period - Samuel Morin is hit by Josh Bailey and loses puck.
18:16 of 1st period - Penalty to Louis Leblanc is over, Louis Leblanc is back on ice.
18:22 of 1st period - Carl Gunnarsson is hit by Tomas Kundratek and loses puck.
18:59 of 1st period - Snap shot by Christian Thomas.
18:59 of 1st period - Stopped by Magnus Hellberg without a rebound.
19:00 of 1st period - A.J. Jenks wins face-off versus Frederik Gauthier in Knights zone.
19:47 of 1st period - Michael Matheson is hit by Brock McGinn and loses puck.
19:58 of 1st period - Snap shot by Christian Thomas.
19:58 of 1st period - Shot Misses the Net.
Goals for this period are 1 for Knights vs 1 for Diables.
Shots for this period are 8 for Knights vs 13 for Diables.
2nd period
0:01 of 2nd period - Jordan Martinook wins face-off versus Louis Leblanc in neutral zone.
0:08 of 2nd period - Slapshot by Linden Vey.
0:08 of 2nd period - Stopped by Eric Comrie with a rebound.
0:12 of 2nd period - Wrist shot by Noel Acciari.
0:12 of 2nd period - Shot Blocked by Carl Gunnarsson.
0:14 of 2nd period - Snap shot by Noel Acciari.
0:14 of 2nd period - Shot Misses the Net.
0:16 of 2nd period - Wrist shot by Brandon Montour.
0:16 of 2nd period - Stopped by Eric Comrie with a rebound.
0:37 of 2nd period - Wrist shot by Nikolay Goldobin.
0:37 of 2nd period - Shot Misses the Net.
0:39 of 2nd period - Snap shot by A.J. Jenks.
0:39 of 2nd period - Goal by A.J. Jenks - Knights : 2 - Diables : 1.
0:40 of 2nd period - Mark Jankowski wins face-off versus Noel Acciari in neutral zone.
1:05 of 2nd period - Mikko Lehtonen is hit by Josh Bailey and loses puck.
1:10 of 2nd period - Snap shot by Miro Aaltonen.
1:10 of 2nd period - Shot Blocked by Carl Gunnarsson.
1:12 of 2nd period - Slapshot by Brandon Montour.
1:12 of 2nd period - Stopped by Eric Comrie with a rebound.
1:14 of 2nd period - Snap shot by Nathan Walker.
1:14 of 2nd period - Shot Misses the Net.
1:16 of 2nd period - Snap shot by Miro Aaltonen.
1:16 of 2nd period - Shot Misses the Net.
1:36 of 2nd period - Off-side.
1:37 of 2nd period - Noel Acciari wins face-off versus Brock McGinn in neutral zone.
1:40 of 2nd period - Wrist shot by Linden Vey.
1:40 of 2nd period - Goal by Linden Vey - Knights : 3 - Diables : 1.
1:41 of 2nd period - Louis Leblanc wins face-off versus Noel Acciari in neutral zone.
1:46 of 2nd period - Snap shot by Tobias Rieder.
1:46 of 2nd period - Goal by Tobias Rieder - Knights : 3 - Diables : 2.
1:47 of 2nd period - Louis Leblanc wins face-off versus Noel Acciari in neutral zone.
1:56 of 2nd period - Wrist shot by Jordan Martinook.
1:56 of 2nd period - Stopped by Eric Comrie without a rebound.
1:57 of 2nd period - Louis Leblanc wins face-off versus Noel Acciari in Diables zone.
2:24 of 2nd period - Snap shot by Brock McGinn.
2:24 of 2nd period - Stopped by Magnus Hellberg with a rebound.
2:45 of 2nd period - Slapshot by Will Butcher.
2:45 of 2nd period - Stopped by Magnus Hellberg without a rebound.
2:46 of 2nd period - Mark Jankowski wins face-off versus Miro Aaltonen in Knights zone.
2:51 of 2nd period - Wrist shot by Brandon Prust.
2:51 of 2nd period - Stopped by Magnus Hellberg with a rebound.
2:53 of 2nd period - Slapshot by Samuel Morin.
2:53 of 2nd period - Deflect By Collin Miller.
2:53 of 2nd period - Stopped by Magnus Hellberg with a rebound.
2:55 of 2nd period - Slapshot by Samuel Morin.
2:55 of 2nd period - Stopped by Magnus Hellberg without a rebound.
2:56 of 2nd period - Josh Bailey wins face-off versus Mark Jankowski in Knights zone.
2:56 of 2nd period - Josh Bailey is hit by Jordan Caron.
3:19 of 2nd period - Wrist shot by Jordan Caron.
3:19 of 2nd period - Stopped by Magnus Hellberg with a rebound.
3:43 of 2nd period - Slapshot by Brandon Prust.
3:43 of 2nd period - Stopped by Magnus Hellberg with a rebound.
3:52 of 2nd period - Minor Penalty to Collin Miller for Hooking.
3:53 of 2nd period - Noel Acciari wins face-off versus Louis Leblanc in Knights zone.
3:59 of 2nd period - Snap shot by Brandon Montour.
3:59 of 2nd period - Shot Blocked by Will Butcher.
5:43 of 2nd period - Ludwig Bystrom is hit by Tobias Rieder and loses puck.
5:52 of 2nd period - Penalty to Collin Miller is over, Collin Miller is back on ice.
6:31 of 2nd period - Frederik Gauthier is hit by Miro Aaltonen and loses puck.
6:58 of 2nd period - Icing by Brendan Gaunce.
6:59 of 2nd period - Noel Acciari wins face-off versus Connor Hurley in Knights zone.
6:59 of 2nd period - Noel Acciari is hit by Daniel Zaar.
7:59 of 2nd period - Michael Matheson is hit by Mikko Lehtonen.
8:15 of 2nd period - Snap shot by Mikko Lehtonen.
8:15 of 2nd period - Stopped by Magnus Hellberg with a rebound.
8:17 of 2nd period - Snap shot by Connor Hurley.
8:17 of 2nd period - Shot Misses the Net.
8:19 of 2nd period - Wrist shot by Daniel Zaar.
8:19 of 2nd period - Deflect By C.J Suess.
8:19 of 2nd period - Stopped by Magnus Hellberg with a rebound.
9:04 of 2nd period - Brandon Prust is hit by Nikolay Goldobin and loses puck.
9:17 of 2nd period - Will Butcher is hit by Michael Matheson and loses puck.
9:32 of 2nd period - Michael Matheson is hit by Zac Leslie and loses puck.
10:12 of 2nd period - Snap shot by Brock McGinn.
10:12 of 2nd period - Shot Blocked by Ludwig Bystrom.
10:14 of 2nd period - Wrist shot by Tobias Rieder.
10:14 of 2nd period - Shot Blocked by Ludwig Bystrom.
10:21 of 2nd period - Icing by Ludwig Bystrom.
10:22 of 2nd period - Mark Jankowski wins face-off versus Brendan Gaunce in Knights zone.
10:46 of 2nd period - Icing by Brandon Prust.
10:47 of 2nd period - Jordan Martinook wins face-off versus Mark Jankowski in Diables zone.
11:17 of 2nd period - Slapshot by Brandon Prust.
11:17 of 2nd period - Deflect By Mark Jankowski.
11:17 of 2nd period - Goal by Mark Jankowski - Knights : 3 - Diables : 3.
11:18 of 2nd period - Linden Vey wins face-off versus Louis Leblanc in neutral zone.
11:23 of 2nd period - Wrist shot by Noel Acciari.
11:23 of 2nd period - Shot Hit the Post.
12:06 of 2nd period - Samuel Morin is hit by A.J. Jenks and loses puck.
12:50 of 2nd period - Wrist shot by Ludwig Bystrom.
12:50 of 2nd period - Shot Misses the Net.
12:52 of 2nd period - Slapshot by Matthew Benning.
12:52 of 2nd period - Shot Misses the Net.
12:54 of 2nd period - Snap shot by Ludwig Bystrom.
12:54 of 2nd period - Shot Misses the Net.
12:56 of 2nd period - Snap shot by Nicolas Petan.
12:56 of 2nd period - Shot Blocked by Brock McGinn.
12:58 of 2nd period - Slapshot by Matthew Benning.
12:58 of 2nd period - Goal by Matthew Benning - Knights : 4 - Diables : 3.
12:59 of 2nd period - Brock McGinn wins face-off versus Noel Acciari in neutral zone.
13:02 of 2nd period - Slapshot by Carl Gunnarsson.
13:02 of 2nd period - Shot Misses the Net.
13:12 of 2nd period - Samuel Morin is hit by Jordan Martinook and loses puck.
14:25 of 2nd period - Daniel Zaar is hit by Ludwig Bystrom and loses puck.
14:40 of 2nd period - Snap shot by Scott Wilson.
14:40 of 2nd period - Shot Blocked by C.J Suess.
14:42 of 2nd period - Snap shot by Nicolas Petan.
14:42 of 2nd period - Stopped by Eric Comrie with a rebound.
14:44 of 2nd period - Snap shot by Matthew Benning.
14:44 of 2nd period - Deflect By Vince Hinostroza.
14:44 of 2nd period - Stopped by Eric Comrie with a rebound.
14:51 of 2nd period - Icing by Brett Lernout.
14:52 of 2nd period - Connor Hurley wins face-off versus Noel Acciari in Diables zone.
15:07 of 2nd period - Slapshot by C.J Suess.
15:07 of 2nd period - Shot Blocked by Jordan Martinook.
15:09 of 2nd period - Snap shot by Daniel Zaar.
15:09 of 2nd period - Shot Blocked by Michael Matheson.
15:11 of 2nd period - Snap shot by Daniel Zaar.
15:11 of 2nd period - Shot Misses the Net.
15:13 of 2nd period - Wrist shot by Connor Hurley.
15:13 of 2nd period - Shot Blocked by Tomas Kundratek.
15:15 of 2nd period - Slapshot by Brett Lernout.
15:15 of 2nd period - Deflect By Tomas Kundratek.
15:15 of 2nd period - Stopped by Magnus Hellberg with a rebound.
15:21 of 2nd period - Slapshot by C.J Suess.
15:21 of 2nd period - Shot Blocked by Michael Matheson.
15:23 of 2nd period - Wrist shot by Daniel Zaar.
15:23 of 2nd period - Shot Blocked by Michael Matheson.
15:25 of 2nd period - Wrist shot by Daniel Zaar.
15:25 of 2nd period - Shot Blocked by Linden Vey.
15:27 of 2nd period - Snap shot by Daniel Zaar.
15:27 of 2nd period - Shot Misses the Net.
15:29 of 2nd period - Wrist shot by Connor Hurley.
15:29 of 2nd period - Stopped by Magnus Hellberg with a rebound.
15:31 of 2nd period - Snap shot by C.J Suess.
15:31 of 2nd period - Shot Misses the Net.
15:47 of 2nd period - Icing by Brett Lernout.
15:48 of 2nd period - Josh Bailey wins face-off versus Connor Hurley in Diables zone.
16:58 of 2nd period - Samuel Morin is hit by Nathan Walker and loses puck.
17:13 of 2nd period - Slapshot by Noel Acciari.
17:13 of 2nd period - Shot Misses the Net.
17:15 of 2nd period - Slapshot by Michael Matheson.
17:15 of 2nd period - Stopped by Eric Comrie with a rebound.
17:17 of 2nd period - Slapshot by Michael Matheson.
17:17 of 2nd period - Stopped by Eric Comrie without a rebound.
17:18 of 2nd period - Noel Acciari wins face-off versus Louis Leblanc in Diables zone.
18:04 of 2nd period - A.J. Jenks is hit by Zac Leslie and loses puck.
18:12 of 2nd period - Minor Penalty to Carl Gunnarsson for Cross-checking.
18:13 of 2nd period - Noel Acciari wins face-off versus Jordan Caron in Diables zone.
18:15 of 2nd period - Wrist shot by Noel Acciari.
18:15 of 2nd period - Stopped by Eric Comrie without a rebound.
18:16 of 2nd period - Jordan Caron wins face-off versus Noel Acciari in Diables zone.
18:25 of 2nd period - Slapshot by Collin Miller.
18:25 of 2nd period - Deflect By Josh Bailey.
18:25 of 2nd period - Stopped by Eric Comrie with a rebound.
18:48 of 2nd period - Brett Lernout is hit by Tomas Kundratek and loses puck.
19:25 of 2nd period - Josh Bailey is hit by Frederik Gauthier and loses puck.
Goals for this period are 3 for Knights vs 2 for Diables.
Shots for this period are 13 for Knights vs 13 for Diables.
3rd period
0:01 of 3rd period - Noel Acciari wins face-off versus Jordan Caron in neutral zone.
0:04 of 3rd period - Brett Lernout is hit by Tomas Kundratek and loses puck.
0:09 of 3rd period - Slapshot by Josh Bailey.
0:09 of 3rd period - Goal by Josh Bailey - Knights : 5 - Diables : 3.
0:09 of 3rd period - Igor Shesterkin enters game.
0:10 of 3rd period - Noel Acciari wins face-off versus Louis Leblanc in neutral zone.
0:40 of 3rd period - Miro Aaltonen is hit by Mark Jankowski and loses puck.
1:37 of 3rd period - Snap shot by Nicolas Petan.
1:37 of 3rd period - Shot Blocked by Tobias Rieder.
1:40 of 3rd period - Minor Penalty to Brock McGinn for Tripping.
1:41 of 3rd period - Jordan Caron wins face-off versus Noel Acciari in Diables zone.
1:56 of 3rd period - Slapshot by Michael Matheson.
1:56 of 3rd period - Stopped by Igor Shesterkin without a rebound.
1:57 of 3rd period - Noel Acciari wins face-off versus Jordan Caron in Diables zone.
2:06 of 3rd period - Wrist shot by Josh Bailey.
2:06 of 3rd period - Shot Misses the Net.
3:40 of 3rd period - Penalty to Brock McGinn is over, Brock McGinn is back on ice.
3:55 of 3rd period - Nicolas Petan is hit by Brock McGinn and loses puck.
4:48 of 3rd period - Slapshot by Carl Gunnarsson.
4:48 of 3rd period - Stopped by Magnus Hellberg with a rebound.
5:35 of 3rd period - Wrist shot by Josh Bailey.
5:35 of 3rd period - Shot Blocked by Mikko Lehtonen.
5:37 of 3rd period - Minor Penalty to Brett Lernout for Elbowing.
5:38 of 3rd period - Noel Acciari wins face-off versus Brock McGinn in Diables zone.
5:39 of 3rd period - Backhand shot by Josh Bailey.
5:39 of 3rd period - Shot Misses the Net.
5:41 of 3rd period - Slapshot by Michael Matheson.
5:41 of 3rd period - Shot Blocked by Will Butcher.
5:43 of 3rd period - Backhand shot by Michael Matheson.
5:43 of 3rd period - Stopped by Igor Shesterkin without a rebound.
5:44 of 3rd period - Noel Acciari wins face-off versus Brock McGinn in Diables zone.
5:47 of 3rd period - Snap shot by Noel Acciari.
5:47 of 3rd period - Goal by Noel Acciari - Knights : 6 - Diables : 3.
5:48 of 3rd period - Louis Leblanc wins face-off versus Noel Acciari in neutral zone.
5:51 of 3rd period - Tomas Kundratek is hit by Louis Leblanc.
6:18 of 3rd period - Wrist shot by Josh Bailey.
6:18 of 3rd period - Shot Misses the Net.
6:44 of 3rd period - Slapshot by Tomas Kundratek.
6:44 of 3rd period - Stopped by Igor Shesterkin without a rebound.
6:45 of 3rd period - Noel Acciari wins face-off versus Louis Leblanc in Diables zone.
7:17 of 3rd period - Snap shot by Will Butcher.
7:17 of 3rd period - Shot Misses the Net.
7:19 of 3rd period - Backhand shot by Zac Leslie.
7:19 of 3rd period - Deflect By Brendan Gaunce.
7:19 of 3rd period - Stopped by Magnus Hellberg without a rebound.
7:20 of 3rd period - Miro Aaltonen wins face-off versus Mark Jankowski in Knights zone.
7:25 of 3rd period - Brandon Prust is hit by Miro Aaltonen and loses puck.
8:27 of 3rd period - C.J Suess is hit by Miro Aaltonen and loses puck.
9:13 of 3rd period - Minor Penalty to Jordan Martinook for Hooking.
9:14 of 3rd period - Noel Acciari wins face-off versus Louis Leblanc in Knights zone.
9:14 of 3rd period - Noel Acciari is hit by Jordan Caron.
10:02 of 3rd period - Collin Miller is hit by Brock McGinn and loses puck.
11:13 of 3rd period - Penalty to Jordan Martinook is over, Jordan Martinook is back on ice.
11:45 of 3rd period - Slapshot by Samuel Morin.
11:45 of 3rd period - Stopped by Magnus Hellberg with a rebound.
11:47 of 3rd period - Slapshot by Chris Bigras.
11:47 of 3rd period - Stopped by Magnus Hellberg with a rebound.
11:49 of 3rd period - Slapshot by Samuel Morin.
11:49 of 3rd period - Shot Blocked by Ludwig Bystrom.
12:36 of 3rd period - Wrist shot by Miro Aaltonen.
12:36 of 3rd period - Goal by Miro Aaltonen - Knights : 7 - Diables : 3.
12:37 of 3rd period - Noel Acciari wins face-off versus Louis Leblanc in neutral zone.
12:46 of 3rd period - Wrist shot by Noel Acciari.
12:46 of 3rd period - Shot Misses the Net.
12:48 of 3rd period - Wrist shot by Tomas Kundratek.
12:48 of 3rd period - Stopped by Igor Shesterkin with a rebound.
12:50 of 3rd period - Slapshot by Jordan Martinook.
12:50 of 3rd period - Shot Misses the Net.
12:52 of 3rd period - Backhand shot by Tomas Kundratek.
12:52 of 3rd period - Deflect By Jordan Martinook.
12:52 of 3rd period - Shot Misses the Net.
12:52 of 3rd period - Puck is out of play.
12:53 of 3rd period - Miro Aaltonen wins face-off versus Mark Jankowski in Diables zone.
12:54 of 3rd period - Slapshot by Nathan Walker.
12:54 of 3rd period - Shot Blocked by Chris Bigras.
12:56 of 3rd period - Slapshot by Tomas Kundratek.
12:56 of 3rd period - Stopped by Igor Shesterkin without a rebound.
12:57 of 3rd period - Miro Aaltonen wins face-off versus Mark Jankowski in Diables zone.
13:58 of 3rd period - Brett Lernout is hit by Vince Hinostroza and loses puck.
14:22 of 3rd period - Icing by Chris Bigras.
14:23 of 3rd period - Connor Hurley wins face-off versus Noel Acciari in Diables zone.
14:23 of 3rd period - Connor Hurley is hit by Linden Vey.
14:42 of 3rd period - Minor Penalty to Michael Matheson for Holding.
14:43 of 3rd period - Noel Acciari wins face-off versus Louis Leblanc in Knights zone.
14:47 of 3rd period - Slapshot by Brock McGinn.
14:47 of 3rd period - Shot Misses the Net.
14:49 of 3rd period - Snap shot by Louis Leblanc.
14:49 of 3rd period - Shot Hit the Post.
14:51 of 3rd period - Slapshot by Carl Gunnarsson.
14:51 of 3rd period - Stopped by Magnus Hellberg without a rebound.
14:52 of 3rd period - Linden Vey wins face-off versus Louis Leblanc in Knights zone.
15:51 of 3rd period - Collin Miller is hit by Mark Jankowski and loses puck.
16:18 of 3rd period - Jordan Caron is hit by Scott Wilson and loses puck.
16:42 of 3rd period - Penalty to Michael Matheson is over, Michael Matheson is back on ice.
16:57 of 3rd period - Zac Leslie is hit by Nicolas Petan and loses puck.
17:10 of 3rd period - Wrist shot by Miro Aaltonen.
17:10 of 3rd period - Stopped by Igor Shesterkin without a rebound.
17:11 of 3rd period - Nathan Walker wins face-off versus Connor Hurley in Diables zone.
17:17 of 3rd period - Minor Penalty to Daniel Zaar for Hooking.
17:18 of 3rd period - Jordan Caron wins face-off versus Josh Bailey in Diables zone.
17:54 of 3rd period - Wrist shot by Miro Aaltonen.
17:54 of 3rd period - Shot Misses the Net.
17:56 of 3rd period - Slapshot by Collin Miller.
17:56 of 3rd period - Shot Hit the Post.
18:56 of 3rd period - Jordan Martinook is hit by Frederik Gauthier and loses puck.
19:17 of 3rd period - Penalty to Daniel Zaar is over, Daniel Zaar is back on ice.
19:26 of 3rd period - Snap shot by Nikolay Goldobin.
19:26 of 3rd period - Shot Misses the Net.
19:28 of 3rd period - Slapshot by Brandon Montour.
19:28 of 3rd period - Stopped by Igor Shesterkin with a rebound.
19:30 of 3rd period - Snap shot by A.J. Jenks.
19:30 of 3rd period - Stopped by Igor Shesterkin without a rebound.
19:31 of 3rd period - Brendan Gaunce wins face-off versus Frederik Gauthier in Diables zone.
19:42 of 3rd period - Snap shot by Frederik Gauthier.
19:42 of 3rd period - Shot Misses the Net.
19:44 of 3rd period - Wrist shot by Mikko Lehtonen.
19:44 of 3rd period - Goal by Mikko Lehtonen - Knights : 7 - Diables : 4.
19:45 of 3rd period - Louis Leblanc wins face-off versus Noel Acciari in neutral zone.
19:50 of 3rd period - Slapshot by Tobias Rieder.
19:50 of 3rd period - Deflect By Brock McGinn.
19:50 of 3rd period - Shot Misses the Net.
19:50 of 3rd period - Puck is out of play.
19:51 of 3rd period - Louis Leblanc wins face-off versus Noel Acciari in Knights zone.
19:54 of 3rd period - Slapshot by Brock McGinn.
19:54 of 3rd period - Stopped by Magnus Hellberg with a rebound.
19:56 of 3rd period - Snap shot by Brock McGinn.
19:56 of 3rd period - Shot Misses the Net.
19:58 of 3rd period - Slapshot by Will Butcher.
19:58 of 3rd period - Stopped by Magnus Hellberg with a rebound.
Goals for this period are 3 for Knights vs 1 for Diables.
Shots for this period are 11 for Knights vs 8 for Diables.
Back to the Top